 Dungeon Crawl Stone Soup version 0.30-a0-371-gad7725a93e (webtiles) character file.

Game seed: 4383630466086561367

60 arthad the Conjurer (level 4, -3/22 (27) HPs)
             Began as a Gargoyle Reaver on Nov 20, 2022.
             Killed from afar by Sigmund (7 damage)
             ... with a puff of flame
             ... on level 3 of the Dungeon.
             The game lasted 00:07:25 (2436 turns).

arthad the Conjurer (Gargoyle Reaver)               Turns: 2436, Time: 00:07:25

HP:   -3/22 (27)    AC:  7    Str: 15    XL:     4   Next: 4%
MP:   7/7           EV: 11    Int: 16    God:
Gold: 102           SH:  0    Dex:  8    Spells: 3/7 levels left

rFire   . . .      SeeInvis .    a - +0 hand axe
rCold   . . .      Faith    .    (no shield)
rNeg    + . .      Spirit   .    b - +0 leather armour
rPois   ∞          Reflect  .    (no helmet)
rElec   +          Harm     .    (no cloak)
rCorr   .          Rampage  .    h - +0 pair of gloves
Will    .....                    (no boots)
Stlth   +.........               e - amulet of magic regeneration
HPRegen 0.23/turn                (no ring)
MPRegen 0.50/turn                (no ring)

@: heavily drained
A: sickness immunity, AC +3, negative energy resistance 1, electricity
resistance, torment resistance 1, petrification resistance
a: no special abilities


You were on level 3 of the Dungeon.
You visited 1 branch of the dungeon, and saw 3 of its levels.

You collected 102 gold pieces.

Inventory:

Hand Weapons
 a - a +0 hand axe (weapon)
Armour
 b - a +0 leather armour (worn)
 h - a +0 pair of gloves (worn)
 j - a +0 kite shield
Jewellery
 e - an amulet of magic regeneration (around neck)
Scrolls
 f - 4 scrolls of identify
 g - 2 scrolls of amnesia
 k - a scroll of blinking
Potions
 c - a potion of curing {unknown}


   Skills:
 * Level 2.8 Fighting
 * Level 3.1 Axes
 + Level 2.0 Dodging
 + Level 0.1 Stealth
 + Level 2.4 Spellcasting
 + Level 3.7 Conjurations
 + Level 0.1 Hexes
 + Level 0.0 Translocations


You had 3 spell levels left.
You knew the following spells:

 Your Spells              Type           Power      Damage    Failure   Level
a - Kiss of Death         Conj/Necr      28%        2d7       12%         1
b - Momentum Strike       Conj/Tloc      16%        3d8       17%         2
c - Slow                  Hex            8%         N/A       22%         1

Your spell library contained the following spells:

 Spells                   Type           Power      Damage    Failure   Level
 Hailstorm                Conj/Ice       7%         3d4       34%         3
 Confusing Touch          Hex            2%         N/A       56%         3
 Vampiric Draining        Necr           1%         2d6       58%         3


Dungeon Overview and Level Annotations

Branches:
Dungeon (3/15)

Altars:

Annotations:
D:3 Sigmund, Terence


Innate Abilities, Weirdness & Mutations

You are immune to sickness and miasma.
Your stone body is resilient. (AC +3)
You are immune to poison.
You resist negative energy. (rN+)
You are resistant to electric shocks. (rElec)
You are resistant to unholy torment.
You are immune to petrification.


Message History

You are no longer robbed of momentum.
Sigmund is no longer moving slowly.
Sigmund hits you from afar with a +0 scythe!
The endoplasm jiggles.
The endoplasm hits you but does no damage.
Sigmund hits you with a +0 scythe.
You barely miss Sigmund.
Sigmund is heavily wounded.
You hit the endoplasm. The endoplasm freezes you.
You are frozen.
You hit Sigmund.
Sigmund is severely wounded.
You barely miss the endoplasm. Sigmund hits you with a +0 scythe.
* * * LOW HITPOINT WARNING * * *
The endoplasm closely misses you.
You hit Sigmund but do no damage.
Sigmund is severely wounded.
You hit the endoplasm.
You kill the endoplasm!
Sigmund casts a spell at you. You resist with some effort.
You hit Sigmund.
Sigmund is almost dead.
Sigmund casts a spell at you. The magic dart hits you.
* * * LOW HITPOINT WARNING * * *
You barely miss Sigmund.
Sigmund is almost dead.
Sigmund closely misses you.
You hit Sigmund.
Sigmund is almost dead.
Sigmund mumbles some strange words.
Sigmund flickers and vanishes!
Deactivating autopickup; reactivate with Ctrl-A.
You hit something but do no damage.
You hear some strange, mumbled words.
A puff of flame appears from out of thin air!
The puff of flame hits you!
You die...

. ######## #########
....#.@....####........
......{.......##........
.....#..................
#...#...........#####...
#.. #...........# #...
.. #...................
. #......#..##........
#.....##..# ........
#.....##..# ........


There were no monsters in sight!

Vanquished Creatures
  An adder (D:3)
  2 dart slugs (D:1)
  An orc (D:3)
  5 ball pythons
  6 bats
  5 endoplasms
  A giant cockroach (D:2)
  4 goblins
  3 hobgoblins
  3 kobolds
  6 frilled lizards
  8 rats
45 creatures vanquished.

Notes
Turn   | Place    | Note
-------+----------+-------------------------------------------
     0 | D:1      | arthad the Gargoyle Reaver began the quest for the Orb.
     0 | D:1      | Reached XP level 1. HP: 12/12 MP: 3/3
   269 | D:1      | Reached XP level 2. HP: 16/16 MP: 5/5
   776 | D:1      | Found a faded altar of an unknown god.
   936 | D:2      | Reached XP level 3. HP: 22/22 MP: 6/6
  1981 | D:2      | Learned a level 2 spell: Momentum Strike
  1983 | D:2      | Learned a level 1 spell: Slow
  2311 | D:3      | Reached XP level 4. HP: 27/27 MP: 7/7
  2312 | D:3      | Noticed Terence
  2419 | D:3      | Noticed Sigmund
  2436 | D:3      | Killed from afar by Sigmund

Illustrated notes

Levels and vault maps discovered:
D:1:      mrwooster_arrival_statue, layout_loops_corners,
          shapermc_ecumenical_altar_pompeii
D:2:      layout_basic
D:3:      layout_basic, nicolae_yredelemnul_corpse_copse, chei_slow_surprise,
          kennysheep_another_room, uniq_sigmund, uniq_terence, uniq_ijyb

Skill      XL: |  1  2  3 |
---------------+----------+-----
Axes           | 3 |  3.1
Dodging        | 2 |  2.0
Fighting       | |  2.8
Stealth        | |  0.1
Spellcasting   | |  2.4
Conjurations   | |  3.7
Hexes          | |  0.1

Action                   |  1- 3 |  4- 6 || total
-------------------------+-------+-------++-------
Melee: Hand axe          |   154 |     9 ||   163
       Punch             |     1 |       ||     1
 Cast: Kiss of Death     |     1 |     1 ||     2
       Momentum Strike   |       |     3 ||     3
       Slow              |       |     1 ||     1
  Use: Scroll            |       |     4 ||     4
       Potion            |       |     1 ||     1
Armor: Leather armour    |    64 |     6 ||    70
Dodge: Dodged            |   104 |     9 ||   113

Table legend: (Time is in decaauts)
 A = Elapsed time spent in this place.
 B = Non-inter-level travel time spent in this place.
 C = Inter-level travel time spent in this place.
 D = Time resting spent in this place.
 E = Time spent auto-exploring this place.
 F = Levels seen in this place.
 G = Mean time per level.
                   A        B        C        D        E       F      G
               +--------+--------+--------+--------+--------+-----+--------+
         Total |   2460 |   2331 |    129 |     70 |   1848 |   3 |  820.0 |
       Dungeon |   2460 |   2331 |    129 |     70 |   1848 |   3 |  820.0 |
               +--------+--------+--------+--------+--------+-----+--------+

Top non-repeatable levels by time:
     D:2: 1155 daAuts
     D:1: 1119 daAuts
     D:3: 185 daAuts
